 Dungeon Crawl Stone Soup version bcrawl-1.31.3 (webtiles) character file.

Game seed: 7525440482234091438

110003 Morbidden the Gusty (level 2, 17/17 HPs)
             Began as a Fairy Air Elementalist on Apr 12, 2021.
             Quit the game on level 1 of the Dungeon on May 21, 2021.
             The game lasted 00:00:53 (364 turns).

Morbidden the Gusty (Fairy Air Elementalist)         Turns: 364, Time: 00:00:53

Health: 17/17      AC:  3    Str:  6    XL:     2   Next: 41%
Magic:  7/8        EV: 16    Int: 18    God:
Gold:   50         SH:  3    Dex: 12    Spells: 6/7 levels left

rFire    . . .     SeeInvis .     - Fists (2.4)
rCold    . . .     Gourm    .   (shield restricted)
rNeg     . . .     Faith    .   (armour unavailable)
rPois    .         Spirit   .   (no helmet)
rElec    .         Reflect  .   (no cloak)
rCorr    .         Harm     .   (no gloves)
MR       .....                  (no boots)
Stlth    +.........             (no amulet)
HPRegen  0.05/turn              (no ring)
MPRegen  0.11/turn              (no ring)

@: flying evasively
A: small, magic attunement, unstealthy, unfitting armour, able to fly, AC/SH +3
a: Stop Flying


You were on level 1 of the Dungeon.
You were not hungry.

You visited 1 branch of the dungeon, and saw 1 of its levels.

You collected 50 gold pieces.

Inventory:

Scrolls
 c - a scroll of magic mapping {unknown}
 i - a scroll of identify
Potions
 b - a potion of flight
Comestibles
 a - 4 chunks of flesh
 e - a ration {!d}


   Skills:
 * Level 0.1 Fighting
 * Level 2.8 Dodging
 + Level 1.7 Stealth
 * Level 3.1 Spellcasting
 + Level 1.2 Conjurations
 + Level 4.0 Air Magic


You had 6 spell levels left.
You knew the following spells:

 Your Spells              Type           Power        Failure   Level  Hunger
a - Shock                 Conj/Air       ##...        5%          1    None

Your spell library contained the following spells:

 Spells                   Type           Power        Failure   Level  Hunger
 Static Discharge         Air            ###.....     10%         3    None
 Swiftness                Chrm/Air       ##......     11%         2    None
 Airstrike                Air            ###.......   30%         4    None
 Lightning Bolt           Conj/Air       ##........   83%         5    None


Dungeon Overview and Level Annotations

Branches:
Dungeon (1/12)

Altars:


Innate Abilities, Weirdness & Mutations

Your spells do not cause hunger and MP costs are reduced by 1.
Your bright wings attract enemies. (Stealth-)
You cannot fit into any form of body armour.
Your shimmering scales are hard and can block incoming attacks. (AC +3, SH +3)
You are small and have problems with some larger weapons.
You can fly continuously.


Message History

Aiming: Shock (safe; 5% risk of failure)
Press: ? - help, Shift-Dir - straight line, f/p - worm
Aim: a worm (severely wounded)
The zap hits the worm.
You kill the worm!
Your Air Magic skill increases to level 4!
No path to travel!
No path to travel!
Casting: Shock (safe; 5% risk of failure)
Confirm with . or Enter, or press ? or * to list all spells.
You can't see any susceptible monsters within range! (Use Z to cast anyway.)
Casting: Shock (safe; 5% risk of failure)
Confirm with . or Enter, or press ? or * to list all spells.
You can't see any susceptible monsters within range! (Use Z to cast anyway.) No path to travel!
Save game and exit?
Welcome back, Morbidden the Fairy Air Elementalist.
Press m to set your skill training.
Press ? for a list of commands and other information.
No path to travel!
Are you sure you want to abandon this character and quit the game? (Confirm with "yes".)

..... ###≈#
.............# #≈≈##
!...........#####≈####
#..............≈≈≈≈≈[.
#..............≈≈≈...
####....................
............###....#..#.
#..................#..#.
.......@................
#.......÷...........#...
.......#..........#.#...
.......#..........#.#...
.......#..........#.....
........^...###.....#...
........##.........##..#
...†.........#..........
.........#....##...#


There were no monsters in sight!

Vanquished Creatures
  A worm (D:1)
  A leopard gecko (D:1)
  3 bats (D:1)
  A giant cockroach (D:1)
  2 goblins (D:1)
  A kobold (D:1)
  A rat (D:1)
10 creatures vanquished.

Notes
Turn   | Place    | Note
-------+----------+-------------------------------------------
     0 | D:1      | Morbidden the Fairy Air Elementalist began the quest for
                  | the Orb.
     0 | D:1      | Reached XP level 1. HP: 11/11 MP: 6/6
   356 | D:1      | Reached XP level 2. HP: 17/17 MP: 7/7
   364 | D:1      | Reached skill level 4 in Air Magic
   364 | D:1      | Upgraded the game from bcrawl-1.31 to bcrawl-1.31.3
   364 | D:1      | Quit the game

Skill      XL: |  1  2 |
---------------+-------+-----
Spellcasting   | 3 |  3.1
Air Magic      | 4 |  4.0
Fighting       | |  0.1
Dodging        | |  2.8
Stealth        | |  1.7
Conjurations   | |  1.2

Action                   || total
-------------------------++-------
 Cast: Shock             ||    28
Armor: Skin              ||     2
Dodge: Dodged            ||     6
